AoeStats
← fede_08

Nomad

504647932Analyzed
2v2 RM · 27d ago on Sep 6, 2026· 35m 5s· 4 players
Game mode
Random Map
Map size
176×176
Population
200
Speed
Normal
Resources
Standard
Victory
Conquest
Starting age
Dark Age
Ending age
Imperial Age
RankedLock teamsTeams togetherTeam positionsShared explorationLock speedFull tech treeHidden civsTurbo modeCheats
Victory
Defeat
🇦🇷 Sicilians · Argentina
1037
+14
🇦🇷 Ethiopians · Argentina
1037
+14
🇵🇪 Bohemians · Peru
1022
-15
🇦🇺 Saracens · Australia
964
-13
Kony2012
14:57 Feudal Age
15:47 Double-Bit Axe
16:52 Fishing Lines
20:29 Castle Age
20:28 Arson
20:47 Scale Mail Armor
20:58 Forging
21:36 Squires
20:58 Pikeman
22:56 Chain Mail Armor
22:53 Loom
24:31 Stone Mining
Bandido
16:46 Feudal Age
20:39 Loom
22:55 Padded Archer Armor
22:45 Fletching
25:40 Castle Age
24:29 Town Watch
27:37 Town Patrol
28:49 Bodkin Arrow
29:10 Leather Archer Armor
29:36 Medium Warships
34:03 Wheelbarrow
fede_08
5:29 Loom
14:07 Feudal Age
19:06 Gold Mining
19:04 Double-Bit Axe
20:01 Fletching
20:22 Forging
20:14 Fishing Lines
21:18 Scale Mail Armor
27:36 Wheelbarrow
31:28 Castle Age
29:41 Horse Collar
32:25 Bow Saw
32:26 Heavy Plow
33:02 Medium Warships
32:46 Gillnets
33:42 Bodkin Arrow
34:24 Iron Casting
34:34 Ballistics
34:28 Masonry
34:13 Pikeman
[OKMPO]Carlitos
5:17 Loom
14:30 Feudal Age
15:13 Horse Collar
15:20 Double-Bit Axe
16:06 Town Watch
19:16 Gold Mining
23:27 Castle Age
22:06 Padded Archer Armor
21:58 Fletching
22:20 Stone Mining
24:34 Bow Saw
23:47 Crossbowman
25:31 Bodkin Arrow
25:42 Heavy Plow
27:23 Thumb Ring
30:52 Leather Archer Armor
30:54 Royal Heirs
32:15 Ballistics
Connection lost

Rejoining the realm…

Still unreachable

The connection could not be restored.

Session expired

The server has moved on; the page needs a fresh start.